 Dungeon Crawl Stone Soup version 0.29.1-15-g9cfb28693d (webtiles) character file.

Game seed: 16838280447359886162

319 safid the Chiller (level 6, -6/48 HPs)
             Began as a Merfolk Ice Elementalist on Apr 11, 2023.
             Mangled by an ice beast (8 damage)
             ... on level 5 of the Dungeon.
             The game lasted 00:09:16 (4594 turns).

safid the Chiller (Merfolk Ice Elementalist)        Turns: 4594, Time: 00:09:16

Health: -6/48      AC: 11    Str:  9    XL:     6   Next: 46%
Magic:  8/11       EV: 12    Int: 16    God:
Gold:   261        SH:  0    Dex: 14    Spells: 5/12 levels left

rFire   . . .      SeeInvis .   m - +1 short sword (holy)
rCold   . . .      Faith    .   (no shield)
rNeg    . . .      Spirit   .   a - +0 robe
rPois   .          Reflect  .   r - +1 helmet
rElec   .          Harm     .   g - +0 cloak
rCorr   .          Rampage  .   (no gloves)
Will    .....                   (no boots)
Stlth   ++........              (no amulet)
HPRegen 0.16/turn               (no ring)
MPRegen 0.12/turn               (no ring)

@: ice-armoured, hasted, very quick
A: (nimble swimmer 2), mertail
a: no special abilities


You were on level 5 of the Dungeon.
You visited 1 branch of the dungeon, and saw 5 of its levels.

You collected 261 gold pieces.

Inventory:

Hand Weapons
 m - a +1 short sword of holy wrath (weapon)
Armour
 a - a +0 robe (worn)
 g - a +0 cloak (worn)
 r - a +1 helmet (worn)
Wands
 C - a wand of flame (28)
Scrolls
 c - 5 scrolls of identify {unknown}
 d - a scroll of fog {unknown}
 h - 2 scrolls of blinking {unknown}
 i - a scroll of teleportation {unknown}
 k - a scroll of vulnerability {unknown}
 o - a scroll of summoning {unknown}
 q - a scroll of poison {unknown}
 v - a scroll of enchant weapon {unknown}
 w - a scroll of enchant armour {unknown}
 y - a scroll of fear {unknown}
 A - a scroll of acquirement {unknown}
 B - 2 scrolls of amnesia {unknown}
Potions
 b - a potion of magic
 e - a potion of invisibility {unknown}
 f - a potion of berserk rage {unknown}
 j - a potion of heal wounds {unknown}
 l - 2 potions of lignification {unknown}
 n - 3 potions of might {unknown}
 p - 4 potions of haste
 s - a potion of ambrosia {unknown}
 t - a potion of attraction {unknown}
 u - a potion of mutation {unknown}
 x - a potion of brilliance {unknown}
 z - a potion of curing


   Skills:
 + Level 3.7 Fighting
 - Level 2.6 Dodging
 - Level 2.1 Stealth
 + Level 3.8 Spellcasting
 + Level 5.9 Ice Magic


You had 5 spell levels left.
You knew the following spells:

 Your Spells              Type           Power      Damage    Failure   Level
a - Freeze                Ice            88%        1d10      1%          1
b - Frozen Ramparts       Ice            44%        1d7       4%          3
c - Ozocubu's Armour      Ice            22%        N/A       4%          3

Your spell library contained the following spells:

 Spells                   Type           Power      Damage    Failure   Level
 Conjure Flame            Conj/Fire      3%         6-21      45%         3
 Gell's Gravitas          Tloc           3%         N/A       45%         3
 Ignite Poison            Fire/Tmut/Pois 3%         N/A       45%         3
 Teleport Other           Tloc           3%         N/A       45%         3
 Hailstorm                Conj/Ice       12%        3d5       45%         4
 Sticky Flame             Conj/Fire      3%         2d3       86%         4
 Dispersal                Tloc           1%         N/A       100%        6


Dungeon Overview and Level Annotations

Branches:
Dungeon (5/15)
 Temple: D:4-7

Altars:
Cheibriados
Gozag
Yredelemnul

Shops:
D:5 :


Innate Abilities, Weirdness & Mutations

((You are very nimble when in or above water. (Stealth+, EV+, Speed+++)))
Your lower body shifts to a powerful aquatic tail in water.


Message History

Unknown command.
Casting: Freeze (safe; 1% risk of failure)
Confirm with . or Enter, or press ? or * to list all spells.
A film of ice covers your body! The ice beast closely misses you.
You hit the ice beast but do no damage.
The ice beast hits you but does no damage.
You hit the ice beast but do no damage. The ice beast completely misses you.
You hit the ice beast but do no damage. The ice beast misses you.
You barely miss the ice beast. The ice beast hits you.
The ice beast freezes you.
You hit the ice beast.
The ice beast is lightly wounded.
The ice beast hits you. The ice beast freezes you!
Unknown command.
You barely miss the ice beast.
The ice beast is lightly wounded.
The ice beast hits you but does no damage.
You hit the ice beast.
The ice beast is moderately wounded.
The ice beast completely misses you.
You hit the ice beast but do no damage.
The ice beast is moderately wounded.
The ice beast hits you but does no damage.
You hit the ice beast.
The ice beast is moderately wounded.
The ice beast barely misses you.
The ice beast hits you but does no damage.
You closely miss the ice beast.
The ice beast is moderately wounded.
The ice beast closely misses you.
You completely miss the ice beast.
The ice beast is moderately wounded.
The ice beast hits you. The ice beast freezes you!
* * * LOW HITPOINT WARNING * * *
Unknown command.
It was a potion of haste.
You feel yourself speed up. The ice beast hits you.
* * * LOW HITPOINT WARNING * * *
The ice beast freezes you!
You die...

#.# #.........#
#.###.........#
#.............#####
#......##.........#
#......##.........####
#......##............#
#∩....<##...$..<.....#
+......##...Y..).....#
##.....##...@.....$..#
+.........####......#
..##.....####.#
......#
............#.#
......#
..........#..#..
......#
>.........#..#...
......#
..........####...
.....## ...........
.... ........####


You could see an ice beast.

Vanquished Creatures
  An ogre (D:4)
  A jelly (D:4)
  An orc wizard (D:3)
  A mummy (D:4)
  Robin (D:3)
  3 adders
  2 worms (D:2)
  4 dart slugs
  4 orcs
  14 bats
  5 endoplasms
  3 giant cockroaches
  15 goblins
  15 hobgoblins
  8 jackals
  7 kobolds
  2 quokkas
  5 ball pythons
  5 frilled lizards
  7 rats
104 creatures vanquished.

Notes
Turn   | Place    | Note
-------+----------+-------------------------------------------
     0 | D:1      | safid the Merfolk Ice Elementalist began the quest for the
                  | Orb.
     0 | D:1      | Reached XP level 1. HP: 13/13 MP: 3/3
    64 | D:1      | Reached XP level 2. HP: 14/20 MP: 0/5
   223 | D:1      | Reached skill level 1 in Fighting
   486 | D:1      | Reached XP level 3. HP: 25/26 MP: 2/6
   558 | D:1      | Learned a level 3 spell: Frozen Ramparts
   967 | D:1      | Found a faded altar of an unknown god.
  1286 | D:2      | Learned a level 3 spell: Ozocubu's Armour
  1561 | D:2      | Reached skill level 5 in Ice Magic
  1561 | D:2      | Reached XP level 4. HP: 25/33 MP: 3/8
  2419 | D:3      | Reached XP level 5. HP: 27/39 MP: 0/9
  2529 | D:3      | Noticed Robin
  3004 | D:3      | Killed Robin
  3479 | D:4      | Found a basalt altar of Yredelemnul.
  3486 | D:4      | Found an opulent altar of Gozag.
  3989 | D:4      | Noticed an ogre
  4001 | D:4      | Killed an ogre
  4002 | D:4      | Reached XP level 6. HP: 17/48 MP: 0/11
  4459 | D:4      | Found a snail-covered altar of Cheibriados.
  4543 | D:5      | Entered Level 5 of the Dungeon
  4543 | D:5      | Found Equzor's Book Shoppe.
  4574 | D:5      | Noticed an ice beast
  4594 | D:5      | HP: 2/48 [ice beast (2)]
  4594 | D:5      | Mangled by an ice beast

Illustrated notes

Levels and vault maps discovered:
D:1:      spicycebolla_arrival_xxxplode, layout_basic,
          hellmonk_ecumenical_altar_pennies_from_heaven, hangedman_decor_push
D:2:      minmay_general_purpose_star, layout_loops_cross
D:3:      layout_basic, uniq_robin
D:4:      layout_basic, slow_altar_2, mainiacjoe_overflow_large_starburst
D:5:      layout_basic, ashenzari_altar_1, minmay_temple_entry_overgrown,
          serial_shops, shop, grunt_ministairs_5

Skill      XL: |  1  2  3  4  5 |
---------------+----------------+-----
Fighting       | 1 2 3 |  3.7
Ice Magic      | 5 |  5.9
Spellcasting   | 3 |  3.8
Dodging        | |  2.6
Stealth        | |  2.1

Action                   |  1- 3 |  4- 6 || total
-------------------------+-------+-------++-------
Melee: Unarmed           |    41 |       ||    41
       Punch             |     1 |       ||     1
       Short sword       |    51 |   121 ||   172
 Cast: Freeze            |    44 |    39 ||    83
       Frozen Ramparts   |       |     8 ||     8
       Ozocubu's Armour  |       |     3 ||     3
  Use: Potion            |       |     3 ||     3
 Stab: Sleeping          |       |     6 ||     6
Armor: Robe              |    48 |    50 ||    98
Dodge: Dodged            |   101 |   115 ||   216
